General information
- name: BNet
- type: Ladder team game (AT/RT)
- host: Battle.net
- saver: WhereBeJakeAt.
map: FullScaleAssault
- players: 8
- length: 57:38
- speed: Fast
- version: 1.26 W3XP
- replay type: Public
» download(389 KB)
Players
team 1 (winner)
TWEEKINATOR3 (
red | 30 APM | 1677 actions | 55:33)
8 Death Knight
3 Death Coil
3 Unholy Aura
1 Animate Dead
1 Death Pact
» actions
| Assign group hotkey | 5 | |
| Basic commands | 8 | |
| Build / train | 64 | |
| Enter build submenu | 27 | |
| Enter hero's abilities submenu | 8 | |
| Give item / drop item | 4 | |
| Right click | 1121 | |
| Select / deselect | 351 | |
| Use ability | 89 | |
1677 total
» units
| Acolyte | 7 | |
| Ghoul | 10 | |
| Frost Wyrm | 8 | |
| Blue Dragon | 1 | |
| Blue Drake | 1 | |
27 total
» upgrades
| Creature Attack | 3 | |
| Creature Carapace | 3 | |
| Freezing Breath | 1 | |
7 total
» buildings
| Crypt | 1 | |
| Ziggurat | 12 | |
| Altar of Darkness | 1 | |
| Tomb of Relics | 1 | |
| Halls of the Dead | 1 | |
| Graveyard | 1 | |
| Black Citadel | 1 | |
| Necropolis | 1 | |
| Sacrificial Pit | 1 | |
| Boneyard | 3 | |
| Spirit Tower | 3 | |
| Nerubian Tower | 1 | |
27 total
» build order
00:15 Crypt
00:21 Ziggurat
00:36 Altar of Darkness
00:56 Tomb of Relics
01:19 Ziggurat
02:51 Halls of the Dead
03:15 Graveyard
04:15 Ziggurat
06:50 Black Citadel
07:33 Necropolis
07:50 Sacrificial Pit
07:53 Ziggurat
07:55 Ziggurat
08:38 Ziggurat
08:40 Ziggurat
08:42 Ziggurat
08:45 Ziggurat
08:47 Ziggurat
09:26 Boneyard
09:29 Boneyard
09:38 Spirit Tower
09:40 Spirit Tower
09:44 Spirit Tower
09:47 Nerubian Tower
10:33 Boneyard
22:42 Ziggurat
22:43 Ziggurat
» items
| Rod of Necromancy | 1 | |
| Orb of Corruption | 1 | |
| Scroll of Healing | 4 | |
| Scroll of Town Portal | 4 | |
| Potion of Lesser Invulnerability | 1 | |
| Potion of Healing | 3 | |
| Potion of Mana | 1 | |
15 total
swp51 (
teal | 40 APM | 1918 actions | 47:48)
7 Mountain King
3 Storm Bolt
3 Bash
1 Avatar
5 Paladin
3 Holy Light
1 Divine Shield
1 Devotion Aura
» actions
| Assign group hotkey | 26 | |
| Basic commands | 102 | |
| Build / train | 85 | |
| ESC pressed | 2 | |
| Enter build submenu | 27 | |
| Enter hero's abilities submenu | 12 | |
| Give item / drop item | 1 | |
| Remove unit from queue | 2 | |
| Right click | 691 | |
| Select / deselect | 375 | |
| Select group hotkey | 483 | |
| Use ability | 112 | |
1918 total
» units
| Peasant | 13 | |
| Footman | 4 | |
| Goblin Shredder | 1 | |
| Priest | 5 | |
| Knight | 5 | |
| Mortar Team | 5 | |
| Siege Engine | 5 | |
| Spell Breaker | 3 | |
| Flying Machine | 2 | |
43 total
» upgrades
| Gunpowder | 2 | |
| Barrage | 1 | |
| Priest Training | 2 | |
| Plating | 1 | |
| Animal War Training | 1 | |
| Swords | 1 | |
| Fragmentation Shards | 1 | |
| Flak Cannons | 1 | |
10 total
» buildings
| Altar of Kings | 1 | |
| Farm | 11 | |
| Barracks | 2 | |
| Lumber Mill | 1 | |
| Keep | 1 | |
| Town Hall | 4 | |
| Castle | 1 | |
| Arcane Sanctum | 2 | |
| Blacksmith | 1 | |
| Arcane Vault | 1 | |
| Workshop | 3 | |
28 total
» build order
01:06 Altar of Kings
01:09 Farm
01:49 Farm
01:53 Barracks
01:58 Barracks
03:00 Lumber Mill
03:39 Farm
03:41 Farm
04:07 Keep
04:53 Town Hall
05:11 Farm
05:18 Farm
05:19 Farm
06:29 Castle
07:12 Arcane Sanctum
07:15 Arcane Sanctum
07:21 Blacksmith
07:42 Arcane Vault
08:03 Workshop
08:07 Workshop
08:34 Workshop
08:48 Farm
10:38 Farm
11:13 Farm
11:40 Farm
16:49 Town Hall
20:34 Town Hall
27:08 Town Hall
» items
| Scroll of Regeneration | 2 | |
| Orb of Fire | 2 | |
| Scroll of Town Portal | 3 | |
| Potion of Lesser Invulnerability | 1 | |
| Boots of Speed | 1 | |
| Lesser Clarity Potion | 4 | |
| Healing Salve | 1 | |
14 total
ItsObamanation (
orange | 35 APM | 1855 actions | 53:35)
4 Blademaster
1 Wind Walk
1 Mirror Image
2 Critical Strike
3 Shadow Hunter
2 Healing Wave
1 Hex
2 Tauren Chieftain
1 Endurance Aura
1 War Stomp
» actions
| Assign group hotkey | 230 | |
| Build / train | 123 | |
| Enter build submenu | 36 | |
| Enter hero's abilities submenu | 9 | |
| Give item / drop item | 4 | |
| Remove unit from queue | 2 | |
| Right click | 625 | |
| Select / deselect | 448 | |
| Select group hotkey | 186 | |
| Use ability | 191 | |
1855 total
» units
| Peon | 15 | |
| Troll Headhunter/Berserker | 21 | |
| Raider | 31 | |
67 total
» upgrades
| Armor | 3 | |
| Ranged Weapons | 3 | |
| Spiked Barricades | 2 | |
| Pillage | 1 | |
| Troll Regeneration | 1 | |
| Melee Weapons | 3 | |
| Ensnare | 1 | |
| Reinforced Defenses | 1 | |
| Berserker Upgrade | 1 | |
| Backpack | 1 | |
17 total
» buildings
| Altar of Storms | 2 | |
| Orc Burrow | 8 | |
| Barracks | 1 | |
| Voodoo Lounge | 2 | |
| War Mill | 1 | |
| Stronghold | 1 | |
| Beastiary | 1 | |
| Fortress | 1 | |
| Watch Tower | 12 | |
| Great Hall | 4 | |
33 total
» build order
00:12 Altar of Storms
00:17 Orc Burrow
01:05 Barracks
01:39 Orc Burrow
02:00 Voodoo Lounge
02:16 War Mill
03:41 Stronghold
03:45 Orc Burrow
06:26 Beastiary
06:41 Orc Burrow
07:24 Fortress
12:31 Watch Tower
12:36 Watch Tower
16:06 Watch Tower
16:21 Watch Tower
17:38 Great Hall
17:43 Watch Tower
17:50 Watch Tower
19:08 Voodoo Lounge
20:53 Great Hall
20:56 Watch Tower
21:23 Watch Tower
21:35 Orc Burrow
21:38 Orc Burrow
21:41 Orc Burrow
26:01 Watch Tower
27:56 Watch Tower
27:59 Watch Tower
33:31 Great Hall
35:42 Watch Tower
40:09 Great Hall
50:29 Altar of Storms
50:43 Orc Burrow
» items
| Healing Salve | 3 | |
| Potion of Lesser Invulnerability | 9 | |
| Scroll of Town Portal | 4 | |
| Orb of Lightning | 1 | |
| Periapt of Vitality | 3 | |
| Circlet of Nobility | 2 | |
| Lesser Clarity Potion | 1 | |
23 total
WhereBeJakeAt. (
blue | 81 APM | 4695 actions | 57:38)
9 Archmage
3 Summon Water Elemental
3 Brilliance Aura
2 Blizzard
1 Mass Teleport
» actions
| Assign group hotkey | 171 | |
| Basic commands | 260 | |
| Build / train | 300 | |
| ESC pressed | 8 | |
| Enter build submenu | 69 | |
| Enter hero's abilities submenu | 12 | |
| Give item / drop item | 5 | |
| Remove unit from queue | 1 | |
| Right click | 1610 | |
| Select / deselect | 601 | |
| Select group hotkey | 1386 | |
| Use ability | 270 | |
4695 total
» units
| Peasant | 34 | |
| Footman | 4 | |
| Rifleman | 17 | |
| Mortar Team | 4 | |
| Goblin Shredder | 6 | |
| Goblin Zeppelin | 13 | |
| Siege Engine | 11 | |
| Dragonhawk Rider | 6 | |
95 total
» upgrades
| Defend | 0 | |
| Swords | 3 | |
| Armor | 3 | |
| Gunpowder | 4 | |
| Masonry | 3 | |
| Fragmentation Shards | 1 | |
| Animal War Training | 2 | |
| Long Rifles | 1 | |
| Flare | 1 | |
| Barrage | 1 | |
| Plating | 3 | |
| Storm Hammers | 1 | |
| Cloud | 1 | |
| Lumber Harvesting | 1 | |
25 total
» buildings
| Altar of Kings | 1 | |
| Farm | 9 | |
| Barracks | 3 | |
| Arcane Vault | 1 | |
| Blacksmith | 1 | |
| Town Hall | 10 | |
| Keep | 8 | |
| Scout Tower | 50 | |
| Castle | 8 | |
| Workshop | 3 | |
| Lumber Mill | 1 | |
| Guard Tower | 85 | |
| Gryphon Aviary | 3 | |
183 total
» build order
00:20 Altar of Kings
00:39 Farm
01:05 Barracks
01:17 Farm
01:22 Farm
01:48 Arcane Vault
02:22 Blacksmith
03:27 Farm
04:05 Town Hall
04:22 Farm
05:21 Keep
05:21 Keep
05:22 Keep
07:26 Scout Tower
07:27 Scout Tower
07:28 Scout Tower
07:29 Scout Tower
07:30 Scout Tower
07:40 Scout Tower
07:42 Scout Tower
07:45 Castle
07:45 Castle
07:45 Castle
07:45 Castle
07:50 Workshop
08:36 Lumber Mill
08:45 Scout Tower
08:47 Scout Tower
10:02 Guard Tower
10:03 Guard Tower
10:03 Guard Tower
10:06 Guard Tower
10:06 Guard Tower
10:06 Guard Tower
12:04 Guard Tower
12:04 Guard Tower
12:04 Guard Tower
12:19 Gryphon Aviary
13:04 Farm
13:05 Farm
14:36 Scout Tower
14:37 Scout Tower
14:37 Scout Tower
15:02 Guard Tower
15:03 Guard Tower
15:03 Guard Tower
15:05 Scout Tower
15:08 Scout Tower
15:11 Guard Tower
16:44 Guard Tower
16:44 Guard Tower
16:44 Guard Tower
17:19 Barracks
17:21 Barracks
17:24 Workshop
17:25 Workshop
17:29 Gryphon Aviary
17:29 Gryphon Aviary
19:40 Town Hall
19:43 Scout Tower
19:43 Scout Tower
19:44 Scout Tower
19:47 Scout Tower
19:48 Scout Tower
19:49 Scout Tower
19:50 Scout Tower
19:50 Scout Tower
19:51 Scout Tower
19:53 Scout Tower
19:54 Scout Tower
19:55 Scout Tower
19:55 Scout Tower
20:20 Guard Tower
20:20 Guard Tower
20:20 Guard Tower
20:25 Guard Tower
20:25 Guard Tower
20:26 Guard Tower
20:26 Guard Tower
20:45 Guard Tower
20:45 Guard Tower
20:45 Guard Tower
20:45 Guard Tower
21:19 Guard Tower
21:19 Guard Tower
21:20 Guard Tower
21:25 Scout Tower
21:29 Scout Tower
22:04 Farm
22:06 Farm
24:57 Guard Tower
24:57 Guard Tower
24:57 Guard Tower
24:58 Guard Tower
24:58 Guard Tower
24:58 Guard Tower
24:58 Keep
24:59 Keep
24:59 Keep
30:29 Town Hall
30:35 Scout Tower
30:36 Scout Tower
30:37 Scout Tower
30:38 Scout Tower
31:13 Guard Tower
31:13 Guard Tower
31:14 Guard Tower
31:15 Scout Tower
31:16 Scout Tower
31:18 Scout Tower
31:19 Scout Tower
31:48 Guard Tower
31:48 Guard Tower
31:48 Guard Tower
31:53 Guard Tower
31:53 Guard Tower
33:41 Scout Tower
36:59 Town Hall
37:01 Scout Tower
37:02 Scout Tower
37:04 Scout Tower
37:05 Scout Tower
37:15 Scout Tower
37:16 Scout Tower
37:18 Scout Tower
37:19 Scout Tower
37:20 Scout Tower
37:20 Scout Tower
37:22 Scout Tower
37:23 Scout Tower
37:42 Guard Tower
37:42 Guard Tower
37:42 Guard Tower
37:43 Guard Tower
38:06 Guard Tower
38:07 Guard Tower
38:07 Guard Tower
38:11 Guard Tower
38:11 Guard Tower
38:12 Guard Tower
38:12 Guard Tower
38:33 Guard Tower
38:33 Guard Tower
38:33 Guard Tower
38:33 Guard Tower
40:09 Guard Tower
40:10 Guard Tower
40:10 Guard Tower
42:13 Castle
42:14 Castle
42:29 Town Hall
42:34 Town Hall
45:07 Town Hall
45:34 Town Hall
46:10 Town Hall
47:21 Town Hall
» items
| Scroll of Regeneration | 3 | |
| Mechanical Critter | 3 | |
| Periapt of Vitality | 1 | |
| Staff of Teleportation | 1 | |
| Tome of Retraining | 1 | |
| Scroll of Town Portal | 5 | |
| Staff of Sanctuary | 1 | |
| Orb of Lightning | 1 | |
16 total
team 2 (loser)

»
Feedback (
pink | 92 APM | 4521 actions | 48:56)
9 Keeper of the Grove
3 Entangling Roots
3 Thorns Aura
1 Tranquility
2 Force of Nature
8 Beastmaster
3 Summon Quilbeast
3 Summon Hawk
1 Stampede
1 Summon Bear
» actions
| Assign group hotkey | 61 | |
| Basic commands | 237 | |
| Build / train | 96 | |
| Enter build submenu | 21 | |
| Enter hero's abilities submenu | 18 | |
| Give item / drop item | 7 | |
| Remove unit from queue | 1 | |
| Right click | 1494 | |
| Select / deselect | 890 | |
| Select group hotkey | 1496 | |
| Use ability | 200 | |
4521 total
» units
| Wisp | 22 | |
| Archer | 7 | |
| Goblin Shredder | 1 | |
| Dryad | 10 | |
| Druid of the Claw | 4 | |
44 total
» upgrades
| Ultravision | 1 | |
| Well Spring | 1 | |
| Strength of the Wild | 3 | |
| Reinforced Hides | 3 | |
| Abolish Magic | 1 | |
| Druid of the Claw Training | 2 | |
| Mark of the Claw | 1 | |
| Nature's Blessing | 1 | |
13 total
» buildings
| Moon Well | 6 | |
| Altar of Elders | 1 | |
| Ancient of War | 1 | |
| Ancient of Wonders | 1 | |
| Tree of Ages | 1 | |
| Tree of Eternity | 1 | |
| Hunter's Hall | 1 | |
| Tree of Life | 4 | |
| Ancient of Lore | 3 | |
19 total
» build order
00:05 Moon Well
00:11 Altar of Elders
00:24 Ancient of War
01:22 Moon Well
02:12 Ancient of Wonders
03:15 Tree of Ages
03:46 Moon Well
04:27 Moon Well
05:56 Tree of Eternity
05:59 Hunter's Hall
07:12 Moon Well
07:39 Tree of Life
10:02 Ancient of Lore
10:32 Ancient of Lore
10:49 Ancient of Lore
14:01 Tree of Life
14:26 Moon Well
17:44 Tree of Life
22:31 Tree of Life
» items
| Dust of Appearance | 1 | |
| Lesser Clarity Potion | 4 | |
| Boots of Speed | 2 | |
| Scroll of Town Portal | 7 | |
| Scroll of Regeneration | 1 | |
| Circlet of Nobility | 1 | |
| Potion of Healing | 1 | |
17 total

»
SirEnderWiggin (
purple | 59 APM | 2583 actions | 43:52)
7 Demon Hunter
2 Immolation
3 Evasion
1 Mana Burn
1 Metamorphosis
4 Priestess of the Moon
2 Trueshot Aura
1 Scout
1 Searing Arrows
4 Pandaren Brewmaster
2 Breath of Fire
1 Drunken Haze
1 Drunken Brawler
» actions
| Assign group hotkey | 99 | |
| Basic commands | 12 | |
| Build / train | 119 | |
| Enter build submenu | 21 | |
| Enter hero's abilities submenu | 16 | |
| Give item / drop item | 13 | |
| Right click | 969 | |
| Select / deselect | 440 | |
| Select group hotkey | 727 | |
| Use ability | 166 | |
2583 total
» units
| Wisp | 21 | |
| Archer | 14 | |
| Hippogryph | 12 | |
| Druid of the Talon | 2 | |
| Chimaera | 4 | |
53 total
» upgrades
| Strength of the Moon | 2 | |
| Moon Armor | 1 | |
| Improved Bows | 1 | |
| Hippogryph Taming | 1 | |
| Well Spring | 1 | |
| Marksmanship | 1 | |
| Reinforced Hides | 3 | |
| Strength of the Wild | 2 | |
| Druid of the Talon Training | 2 | |
| Corrosive Breath | 1 | |
| Mark of the Talon | 1 | |
| Nature's Blessing | 1 | |
| Ultravision | 1 | |
18 total
» buildings
| Moon Well | 10 | |
| Altar of Elders | 1 | |
| Ancient of War | 2 | |
| Tree of Life | 1 | |
| Ancient of Wonders | 1 | |
| Tree of Ages | 1 | |
| Hunter's Hall | 1 | |
| Ancient of Wind | 2 | |
| Tree of Eternity | 1 | |
| Chimaera Roost | 2 | |
22 total
» build order
00:31 Moon Well
00:36 Altar of Elders
01:15 Ancient of War
02:04 Tree of Life
02:54 Moon Well
03:06 Ancient of Wonders
03:14 Ancient of War
03:49 Moon Well
05:31 Tree of Ages
05:47 Hunter's Hall
08:13 Ancient of Wind
09:25 Ancient of Wind
09:41 Moon Well
10:42 Tree of Eternity
10:45 Moon Well
11:56 Moon Well
16:02 Chimaera Roost
16:04 Chimaera Roost
17:40 Moon Well
17:41 Moon Well
18:37 Moon Well
19:46 Moon Well
» items
| Dust of Appearance | 1 | |
| Potion of Healing | 10 | |
| Moonstone | 1 | |
| Scroll of Town Portal | 6 | |
| Staff of Preservation | 2 | |
| Orb of Venom | 2 | |
| Anti-magic Potion | 4 | |
| Staff of Teleportation | 1 | |
27 total
BigJake (
yellow | 47 APM | 2692 actions | 57:36)
9 Archmage
3 Summon Water Elemental
3 Brilliance Aura
1 Mass Teleport
2 Blizzard
» actions
| Assign group hotkey | 95 | |
| Basic commands | 70 | |
| Build / train | 127 | |
| Enter build submenu | 77 | |
| Enter hero's abilities submenu | 10 | |
| Give item / drop item | 6 | |
| Right click | 1151 | |
| Select / deselect | 544 | |
| Select group hotkey | 325 | |
| Use ability | 287 | |
2692 total
» units
| Peasant | 17 | |
| Footman | 4 | |
| Goblin Shredder | 1 | |
| Gryphon Rider | 9 | |
| Goblin Zeppelin | 7 | |
| Goblin Sapper | 9 | |
| Dragonhawk Rider | 9 | |
| Siege Engine | 1 | |
| Blue Dragon | 2 | |
59 total
» upgrades
| Masonry | 3 | |
| Swords | 3 | |
| Armor | 4 | |
| Animal War Training | 1 | |
| Storm Hammers | 1 | |
| Cloud | 1 | |
| Gunpowder | 3 | |
| Plating | 3 | |
| Barrage | 1 | |
20 total
» buildings
| Altar of Kings | 1 | |
| Barracks | 1 | |
| Farm | 14 | |
| Scout Tower | 65 | |
| Arcane Tower | 1 | |
| Keep | 1 | |
| Arcane Vault | 2 | |
| Lumber Mill | 2 | |
| Town Hall | 4 | |
| Guard Tower | 13 | |
| Castle | 1 | |
| Gryphon Aviary | 4 | |
| Blacksmith | 2 | |
| Workshop | 5 | |
116 total
» build order
00:37 Altar of Kings
00:38 Barracks
01:00 Farm
01:03 Farm
01:05 Farm
01:11 Farm
01:37 Farm
02:22 Scout Tower
03:04 Arcane Tower
03:37 Keep
03:45 Arcane Vault
03:52 Farm
05:11 Lumber Mill
05:18 Town Hall
05:22 Scout Tower
05:22 Scout Tower
05:28 Scout Tower
05:29 Scout Tower
05:35 Scout Tower
06:13 Guard Tower
07:16 Castle
07:22 Scout Tower
07:24 Scout Tower
07:25 Scout Tower
07:27 Scout Tower
07:28 Scout Tower
07:29 Scout Tower
07:30 Scout Tower
08:30 Guard Tower
08:36 Gryphon Aviary
08:37 Gryphon Aviary
08:38 Gryphon Aviary
08:39 Gryphon Aviary
08:43 Blacksmith
08:46 Blacksmith
10:35 Guard Tower
11:11 Scout Tower
11:12 Scout Tower
11:13 Scout Tower
11:14 Scout Tower
11:15 Scout Tower
11:16 Scout Tower
11:17 Scout Tower
11:18 Scout Tower
11:19 Scout Tower
11:20 Scout Tower
11:21 Scout Tower
11:22 Scout Tower
11:22 Scout Tower
11:25 Scout Tower
11:25 Scout Tower
11:26 Scout Tower
11:27 Scout Tower
12:11 Scout Tower
12:11 Scout Tower
12:12 Scout Tower
12:12 Scout Tower
12:12 Scout Tower
12:13 Scout Tower
12:13 Scout Tower
12:14 Scout Tower
12:14 Scout Tower
12:15 Scout Tower
16:20 Guard Tower
16:30 Guard Tower
16:49 Lumber Mill
17:16 Guard Tower
18:22 Guard Tower
18:28 Guard Tower
20:35 Workshop
20:35 Workshop
20:39 Workshop
20:40 Workshop
20:44 Workshop
21:05 Farm
21:06 Farm
21:06 Farm
21:09 Farm
21:10 Farm
21:16 Farm
21:25 Farm
21:26 Farm
27:12 Town Hall
27:16 Scout Tower
27:16 Scout Tower
27:16 Scout Tower
27:17 Scout Tower
27:18 Scout Tower
27:18 Scout Tower
27:19 Scout Tower
27:19 Scout Tower
27:20 Scout Tower
27:20 Scout Tower
27:21 Scout Tower
27:22 Scout Tower
27:29 Arcane Vault
31:20 Guard Tower
33:37 Town Hall
33:40 Scout Tower
33:41 Scout Tower
33:42 Scout Tower
33:43 Scout Tower
33:44 Scout Tower
33:44 Scout Tower
33:44 Scout Tower
33:53 Scout Tower
33:54 Scout Tower
33:54 Scout Tower
33:54 Scout Tower
34:11 Guard Tower
34:24 Guard Tower
34:48 Guard Tower
34:57 Guard Tower
39:01 Town Hall
» items
| Scroll of Regeneration | 6 | |
| Mechanical Critter | 4 | |
| Dust of Appearance | 2 | |
| Potion of Healing | 1 | |
| Scroll of Town Portal | 6 | |
| Periapt of Vitality | 2 | |
| Staff of Sanctuary | 1 | |
22 total

»
ruhmond (
green | 58 APM | 2538 actions | 43:41)
8 Goblin Alchemist
3 Chemical Rage
3 Healing Spray
1 Transmute
1 Acid Bomb
» actions
| Basic commands | 14 | |
| Build / train | 127 | |
| Enter build submenu | 43 | |
| Enter hero's abilities submenu | 8 | |
| Give item / drop item | 3 | |
| Remove unit from queue | 5 | |
| Right click | 1233 | |
| Select / deselect | 891 | |
| Use ability | 213 | |
2538 total
» units
| Wisp | 44 | |
| Archer | 10 | |
| Goblin Zeppelin | 3 | |
| Hippogryph | 18 | |
| Blue Dragon | 5 | |
| Chimaera | 10 | |
90 total
» upgrades
| Strength of the Moon | 2 | |
| Moon Armor | 2 | |
| Hippogryph Taming | 1 | |
| Improved Bows | 1 | |
| Strength of the Wild | 3 | |
| Reinforced Hides | 3 | |
| Corrosive Breath | 1 | |
13 total
» buildings
| Altar of Elders | 1 | |
| Moon Well | 8 | |
| Ancient of War | 2 | |
| Hunter's Hall | 1 | |
| Tree of Ages | 2 | |
| Ancient Protector | 18 | |
| Tree of Life | 2 | |
| Ancient of Wind | 2 | |
| Tree of Eternity | 1 | |
| Chimaera Roost | 3 | |
| Ancient of Wonders | 1 | |
41 total
» build order
00:46 Altar of Elders
00:48 Moon Well
00:51 Ancient of War
00:58 Moon Well
02:28 Moon Well
03:37 Ancient of War
04:00 Hunter's Hall
05:03 Tree of Ages
05:48 Ancient Protector
05:51 Ancient Protector
06:11 Tree of Life
07:22 Ancient Protector
07:25 Tree of Ages
07:34 Ancient Protector
08:22 Moon Well
09:54 Ancient of Wind
09:57 Ancient of Wind
10:04 Ancient Protector
10:07 Ancient Protector
10:42 Moon Well
11:57 Tree of Life
14:31 Ancient Protector
14:34 Ancient Protector
14:36 Ancient Protector
14:40 Ancient Protector
16:32 Tree of Eternity
17:05 Moon Well
17:08 Moon Well
17:11 Moon Well
18:01 Ancient Protector
18:02 Ancient Protector
18:06 Ancient Protector
18:13 Ancient Protector
18:16 Ancient Protector
19:16 Chimaera Roost
19:18 Chimaera Roost
19:21 Chimaera Roost
24:36 Ancient Protector
24:37 Ancient Protector
27:41 Ancient Protector
28:23 Ancient of Wonders
» items
| Scroll of Town Portal | 3 | |
| Potion of Lesser Invulnerability | 2 | |
| Boots of Speed | 1 | |
| Periapt of Vitality | 1 | |
7 total
Chat log
(00:25 / Allies) TWEEKINATOR3: lets see if
(00:28 / Allies) TWEEKINATOR3: i cant lose another
(00:28 / Allies) TWEEKINATOR3: rt
(00:30 / Allies) ItsObamanation: top bottom creep to hit
(00:48 / Allies) swp51: can i expo here ?
(00:53 / Allies) ItsObamanation: yup
(00:56 / Allies) ItsObamanation: i bm rush them
(00:58 / All) BigJake: how much meth do you smoke a day tweekinator
(01:03 / Allies) TWEEKINATOR3: non
(01:06 / All) TWEEKINATOR3: none
(01:11 / All) ItsObamanation: 3.5 in 2 days
(01:23 / All) BigJake: fucking slacker
(01:32 / All) ItsObamanation: its $60 an 8th here
(01:33 / All) BigJake: if there's one thing I can't abide it's a slacker
(01:42 / All) WhereBeJakeAt.: you got a slacker on your team?
(01:47 / All) ItsObamanation: i live in ND very little weed
(01:48 / All) BigJake: red on your team
(01:57 / All) WhereBeJakeAt.: what'd he do?
(02:00 / All) WhereBeJakeAt.: you play with him before?
(02:03 / All) BigJake: smokes dope
(02:12 / Allies) WhereBeJakeAt.: you know who that guy is red?
(02:20 / Allies) TWEEKINATOR3: im assuming your friend
(02:25 / Allies) TWEEKINATOR3: since u both have jake in your name
(02:25 / All) ItsObamanation: i am broke because of the weed prices here
(02:25 / Allies) swp51: do i get tank caster
(02:28 / Allies) swp51: or hawk
(02:32 / All) BigJake: get a job
(02:33 / Allies) TWEEKINATOR3: tank
(02:35 / Allies) TWEEKINATOR3: caster'
(02:36 / Allies) TWEEKINATOR3: oref
(02:37 / All) ItsObamanation: i have a job
(02:38 / Allies) TWEEKINATOR3: pref
(02:38 / All) ruhmond: weed is cheap
(02:43 / All) ItsObamanation: or i wouldnt be able to buy any kid
(02:45 / All) BigJake: get a non fasta food job
(02:53 / Allies) WhereBeJakeAt.: what do you mean he has something in his name too?
(02:55 / All) ItsObamanation: North dakota kid
(02:57 / Allies) WhereBeJakeAt.: missed your messages
(03:01 / All) ruhmond: Cali over here
(03:01 / All) ItsObamanation: its not cheap here bitch
(03:05 / Allies) TWEEKINATOR3: both have jake in it
(03:10 / All) ruhmond: sucks to be u
(03:10 / All) ItsObamanation: its 20 a gram here
(03:12 / Allies) WhereBeJakeAt.: so?
(03:14 / All) ItsObamanation: 60 an 8th
(03:17 / All) ItsObamanation: i am from cali
(03:21 / All) ItsObamanation: i get 10 a grma n cali
(03:30 / All) ItsObamanation: i am from san diego
(04:04 / All) ItsObamanation: i work at pizza hut
(04:06 / All) ItsObamanation: i make 12 an hour
(04:23 / All) ruhmond: i work retaurant
(04:26 / All) ruhmond: ig et tip
(04:27 / All) ItsObamanation: and tips when i serve
(04:36 / All) ItsObamanation: i am a cook also
(04:43 / All) ItsObamanation: i also do dishes and answer phones
(04:51 / All) ItsObamanation: customer servie take orders
(04:55 / All) ItsObamanation: i work hard
(04:56 / All) ruhmond: i forgot to mention im pro at fapping
(05:28 / All) ItsObamanation: so yeah fuck off
(05:42 / All) ItsObamanation: i work and i'm still broke
(05:45 / All) ItsObamanation: fuck off
(05:54 / All) ItsObamanation: i work monday-friday
(05:57 / All) ItsObamanation: sat and sunday off
(06:00 / All) SirEnderWiggin: I raise a family of two kids and a third child support...
(06:02 / All) ItsObamanation: thats why i am playing
(06:03 / Allies) TWEEKINATOR3: item is urs
(06:05 / Allies) TWEEKINATOR3: blue
(06:06 / All) SirEnderWiggin: smoke the good shit..
(06:07 / Allies) WhereBeJakeAt.: kk
(06:07 / Allies) WhereBeJakeAt.: ty
(06:10 / All) SirEnderWiggin: get a real job
(06:15 / All) ItsObamanation: i just did smoke
(06:21 / Allies) WhereBeJakeAt.: let's creep that?
(06:23 / Allies) TWEEKINATOR3: lets check
(06:24 / Allies) TWEEKINATOR3: the expo
(06:26 / Allies) TWEEKINATOR3: real quick
(06:28 / Allies) TWEEKINATOR3: then if not
(06:30 / Allies) TWEEKINATOR3: then creep it
(06:32 / Allies) WhereBeJakeAt.: k
(06:44 / Allies) TWEEKINATOR3: Mirror
(06:49 / Allies) WhereBeJakeAt.: towers
(07:05 / Allies) WhereBeJakeAt.: b
(07:05 / Allies) TWEEKINATOR3: BV
(07:06 / Allies) TWEEKINATOR3: B
(07:12 / Allies) TWEEKINATOR3: holy shit
(07:24 / Allies) TWEEKINATOR3: my expo
(07:25 / Allies) TWEEKINATOR3: is fucked
(07:37 / Allies) WhereBeJakeAt.: Need teal and oj's help if they hit
(07:41 / Allies) TWEEKINATOR3: ye
(08:05 / Allies) TWEEKINATOR3: any extra wood?
(08:08 / Allies) TWEEKINATOR3: u guys can pass me?
(08:13 / Allies) WhereBeJakeAt.: I need some wood too
(08:17 / Allies) WhereBeJakeAt.: gonna get next shredder
(08:21 / Allies) TWEEKINATOR3: k
(10:01 / Allies) TWEEKINATOR3: my expo shud bne good now
(10:02 / Allies) TWEEKINATOR3: be*
(12:18 / Allies) TWEEKINATOR3: lets roll blue
(12:25 / Allies) WhereBeJakeAt.: one sec
(12:27 / Allies) TWEEKINATOR3: kk
(12:29 / Allies) WhereBeJakeAt.: lemme creep mid with just my hero quickly
(13:49 / All) ruhmond: mh
(14:36 / Allies) TWEEKINATOR3: i c
(14:38 / Allies) WhereBeJakeAt.: jesus
(14:50 / Allies) WhereBeJakeAt.: guess I'll get some tanks
(14:57 / Allies) TWEEKINATOR3: plz lol
(15:34 / Allies) TWEEKINATOR3: roo much
(15:37 / Allies) TWEEKINATOR3: too much tower
(15:40 / Allies) WhereBeJakeAt.: I have mort
(15:43 / Allies) WhereBeJakeAt.: just cover me
(16:41 / Allies) TWEEKINATOR3: too much
(16:42 / Allies) TWEEKINATOR3: fucking air
(17:24 / Allies) TWEEKINATOR3: shit
(18:33 / Allies) ItsObamanation: gold me
(18:40 / Allies) ItsObamanation: ty
(18:45 / Allies) TWEEKINATOR3: mass bats
(18:46 / Allies) ItsObamanation: look at blue
(18:47 / Allies) TWEEKINATOR3: or some shit
(18:47 / Allies) ItsObamanation: my god
(18:49 / Allies) ItsObamanation: fuck
(18:51 / Allies) WhereBeJakeAt.: ?
(18:51 / Allies) TWEEKINATOR3: lol
(18:52 / Allies) TWEEKINATOR3: LOL
(19:08 / Allies) TWEEKINATOR3: hes gettin
(19:10 / Allies) TWEEKINATOR3: tanks and etc
(19:11 / Allies) TWEEKINATOR3: for aa too
(19:16 / Allies) TWEEKINATOR3: im at 100 food
(19:17 / Allies) TWEEKINATOR3: so
(19:18 / Allies) TWEEKINATOR3: lol
(19:23 / Allies) WhereBeJakeAt.: need to save a little more first
(19:26 / All) ItsObamanation: map hackers
(19:26 / Allies) WhereBeJakeAt.: or else I'll run out
(19:27 / All) ItsObamanation: Wtf
(19:30 / All) ItsObamanation: i wasnt looking
(19:32 / All) ItsObamanation: and look
(19:35 / All) ItsObamanation: they map hack
(19:36 / Allies) TWEEKINATOR3: meh
(19:40 / Allies) TWEEKINATOR3: ur that guy from lastnight
(19:40 / All) ItsObamanation: fuck you fake nggers
(19:41 / Allies) TWEEKINATOR3: arent ya blue
(19:44 / Allies) WhereBeJakeAt.: who?
(20:02 / Allies) ItsObamanation: they just killed all my shit
(20:03 / Allies) ItsObamanation: now my expo
(20:34 / Allies) WhereBeJakeAt.: massing up now
(20:36 / Allies) TWEEKINATOR3: come teal
(21:28 / Allies) ItsObamanation: ty
(21:52 / Allies) TWEEKINATOR3: blue
(21:55 / Allies) TWEEKINATOR3: give ma few 100gs?
(21:56 / Allies) WhereBeJakeAt.: yeah?
(22:06 / Allies) TWEEKINATOR3: thx
(22:18 / Allies) TWEEKINATOR3: BLUE
(22:20 / Allies) TWEEKINATOR3: TABKS
(22:21 / Allies) TWEEKINATOR3: TANKS
(22:31 / Allies) TWEEKINATOR3: thx
(22:32 / Allies) TWEEKINATOR3: LOL
(22:36 / Allies) TWEEKINATOR3: kk
(23:09 / Allies) WhereBeJakeAt.: go red
(23:12 / Allies) TWEEKINATOR3: k
(23:24 / All) Feedback: orange you suxs!
(23:32 / All) ItsObamanation: wow
(23:33 / All) ItsObamanation: fuck
(23:38 / All) ItsObamanation: map hackers
(23:44 / All) Feedback: YOU SUXS!
(23:48 / All) Feedback: DUMB ATTACKS NOOB
(23:49 / Allies) TWEEKINATOR3: im b
(23:53 / All) ItsObamanation: u jumped me bitch
(23:59 / All) ItsObamanation: id fuck u up 1v1 in a new game
(24:03 / All) Feedback: I SAW YOU WALKING IDIOT
(24:36 / Allies) TWEEKINATOR3: blue
(24:39 / Allies) TWEEKINATOR3: gold me some more plz?
(24:49 / Allies) TWEEKINATOR3: thx
(24:50 / Allies) TWEEKINATOR3: dopoe
(24:51 / Allies) TWEEKINATOR3: dope
(25:07 / Allies) TWEEKINATOR3: b upo
(25:08 / Allies) TWEEKINATOR3: a bit
(25:09 / Allies) TWEEKINATOR3: il tpo
(25:13 / Allies) TWEEKINATOR3: ER
(25:13 / Allies) TWEEKINATOR3: run
(25:20 / Allies) TWEEKINATOR3: k
(25:23 / Allies) TWEEKINATOR3: go
(25:24 / Allies) TWEEKINATOR3: teal
(25:28 / Allies) WhereBeJakeAt.: help
(27:53 / Allies) TWEEKINATOR3: BLUE tooss
(27:55 / Allies) TWEEKINATOR3: me a 1000g
(27:56 / Allies) TWEEKINATOR3: for a dragon
(28:02 / Allies) WhereBeJakeAt.: dude I don't have tons of money right now
(28:06 / Allies) TWEEKINATOR3: alright
(28:25 / Allies) TWEEKINATOR3: btw blue
(28:26 / Allies) TWEEKINATOR3: ur base
(28:29 / Allies) TWEEKINATOR3: saved hjalf my frost
(28:29 / Allies) TWEEKINATOR3: lol
(28:32 / Allies) TWEEKINATOR3: thx to ur towers
(28:41 / Allies) TWEEKINATOR3: it raped the hipps
(28:48 / Allies) WhereBeJakeAt.: nice
(28:54 / Allies) WhereBeJakeAt.: wtf I alt tabbed for a sec and made my zep go to this expo
(28:57 / Allies) WhereBeJakeAt.: to creep
(28:59 / Allies) WhereBeJakeAt.: and it didn't fly there
(29:07 / Allies) TWEEKINATOR3: fucjk
(29:09 / Allies) TWEEKINATOR3: pass me gold
(29:10 / Allies) TWEEKINATOR3: for a tp
(30:53 / Allies) WhereBeJakeAt.: hit bottom
(30:55 / Allies) WhereBeJakeAt.: more of a threat
(31:01 / Allies) WhereBeJakeAt.: all the hippos and shit
(31:08 / All) BigJake: great
(31:15 / Allies) TWEEKINATOR3: why
(31:17 / Allies) TWEEKINATOR3: u going raiders
(31:19 / Allies) TWEEKINATOR3: mass BATS
(31:20 / Allies) TWEEKINATOR3: ORANGE
(31:50 / Allies) TWEEKINATOR3: TP
(31:52 / Allies) TWEEKINATOR3: plz
(32:14 / Allies) ItsObamanation: b
(33:09 / Allies) WhereBeJakeAt.: help
(34:21 / Allies) TWEEKINATOR3: fuck
(34:28 / Allies) WhereBeJakeAt.: help
(34:32 / Allies) TWEEKINATOR3: i cant
(34:33 / Allies) TWEEKINATOR3: take that
(35:38 / Allies) TWEEKINATOR3: blue
(35:39 / Allies) TWEEKINATOR3: btw
(35:44 / Allies) TWEEKINATOR3: ik ur the trolls from lastnight
(35:47 / Allies) WhereBeJakeAt.: who?
(35:55 / Allies) TWEEKINATOR3: u and that other dude yellow
(36:06 / Allies) WhereBeJakeAt.: dunno what you are talking about
(36:31 / Allies) TWEEKINATOR3: u expo all the mines
(36:34 / Allies) TWEEKINATOR3: and then horde gold
(36:37 / Allies) TWEEKINATOR3: and then tk us
(36:40 / Allies) WhereBeJakeAt.: how am I hoarding?
(36:42 / Allies) WhereBeJakeAt.: I share gold
(36:47 / Allies) TWEEKINATOR3: yea
(36:51 / Allies) TWEEKINATOR3: but u wont make units
(36:52 / Allies) TWEEKINATOR3: much
(36:54 / Allies) TWEEKINATOR3: over 50 food
(37:05 / All) Feedback: orange doing shit again lol
(37:15 / All) Feedback: lol!
(37:24 / All) ItsObamanation: gg
(37:26 / Allies) TWEEKINATOR3: i woulda been alittle more pissed
(37:28 / Allies) TWEEKINATOR3: but orange
(37:31 / Allies) TWEEKINATOR3: doesnt wanna make bats
(37:33 / Allies) TWEEKINATOR3: only raiders
(37:35 / Allies) TWEEKINATOR3: like a dumbfucjk
(37:48 / Allies) ItsObamanation: says the guy letting chism fly away
(37:58 / Allies) TWEEKINATOR3: wasnt watching
(38:03 / Allies) WhereBeJakeAt.: Orange easily the biggest noob here
(38:06 / Allies) ItsObamanation: neither was i when they jumped me
(38:06 / Allies) TWEEKINATOR3: busy lookin at your stupid ass
(38:09 / Allies) TWEEKINATOR3: exactly
(38:37 / All) ItsObamanation: gg nice strat
(38:38 / Allies) TWEEKINATOR3: fuck your base
(38:39 / Allies) TWEEKINATOR3: lol
(39:17 / Allies) TWEEKINATOR3: blue
(39:22 / Allies) TWEEKINATOR3: eh fuck
(39:25 / Allies) WhereBeJakeAt.: what?
(39:27 / Allies) ItsObamanation: gold please
(39:27 / Allies) TWEEKINATOR3: nvm
(39:29 / Allies) TWEEKINATOR3: do your thing
(39:33 / Allies) WhereBeJakeAt.: ?
(39:36 / Allies) WhereBeJakeAt.: what you talking about?
(39:39 / Allies) TWEEKINATOR3: i was gonna have u tp
(39:40 / Allies) ItsObamanation: blue 1 hero
(39:43 / Allies) TWEEKINATOR3: but doesnt matter
(39:44 / Allies) WhereBeJakeAt.: lol
(39:44 / Allies) ItsObamanation: no mk no paly
(39:48 / Allies) ItsObamanation: should have 3 heros by now
(39:54 / Allies) WhereBeJakeAt.: or I could get mass tp
(39:55 / Allies) ItsObamanation: red 1 hero
(39:56 / Allies) ItsObamanation: noobs
(39:59 / Allies) WhereBeJakeAt.: rather than divide XP
(40:00 / Allies) TWEEKINATOR3: blue
(40:01 / Allies) TWEEKINATOR3: atleast
(40:02 / Allies) WhereBeJakeAt.: this isn't solo
(40:03 / Allies) TWEEKINATOR3: made units
(40:05 / Allies) TWEEKINATOR3: that would counter
(40:07 / Allies) TWEEKINATOR3: dumbass
(40:20 / Allies) WhereBeJakeAt.: I kill 2 noob elf bases
(40:22 / Allies) WhereBeJakeAt.: what do you do orange?
(40:45 / Allies) swp51: killin som whisp
(41:27 / Allies) ItsObamanation: how u gonna kill
(41:45 / Allies) TWEEKINATOR3: blue tp back
(41:47 / Allies) TWEEKINATOR3: through me
(41:49 / Allies) TWEEKINATOR3: if u want
(42:50 / Allies) swp51: killed a lvl 7 dh
(42:53 / Allies) TWEEKINATOR3: nice
(43:30 / All) ruhmond: some people are just retarded, like wtf is in there skull
(43:37 / All) ruhmond: yellow with 8k gold and 3.4k wood
(43:37 / All) WhereBeJakeAt.: yeah, like noob elf players
(43:38 / All) ruhmond: gg
(43:44 / All) BigJake: lol
(43:52 / All) BigJake: he hogged the dragons
(43:55 / Allies) swp51: gj
(43:55 / All) ItsObamanation: yay
(43:57 / All) BigJake: maybe he could have let me spend my gold on them
(44:00 / All) ItsObamanation: long game
(44:09 / All) ItsObamanation: killer
(44:18 / All) ItsObamanation: on t the next one
(44:19 / Allies) TWEEKINATOR3: yellow has mass tp
(44:20 / Allies) TWEEKINATOR3: too
(44:21 / All) ItsObamanation: cyall
(44:22 / Allies) TWEEKINATOR3: i forgot..
(44:22 / Allies) ItsObamanation: ty
(44:38 / Allies) TWEEKINATOR3: LOL
(44:40 / All) ItsObamanation: leave please
(44:40 / Allies) WhereBeJakeAt.: wtf
(44:41 / All) TWEEKINATOR3: saw that coming..
(44:43 / All) ItsObamanation: next game
(44:43 / Allies) WhereBeJakeAt.: was trying to teleport
(44:50 / Allies) TWEEKINATOR3: idk
(44:53 / Allies) TWEEKINATOR3: they just molested me
(44:53 / Allies) TWEEKINATOR3: tho
(44:54 / All) ItsObamanation: leave please give us win
(44:54 / Allies) WhereBeJakeAt.: guess i will here instead
(44:57 / All) Feedback: you are out of gold
(45:02 / Allies) TWEEKINATOR3: tp
(45:04 / Allies) TWEEKINATOR3: through dragon
(45:08 / All) WhereBeJakeAt.: am I?
(45:14 / All) WhereBeJakeAt.: idk
(45:15 / All) BigJake: dead dragon
(45:17 / All) BigJake: bitch
(45:18 / All) WhereBeJakeAt.: I don't think I'm out of gold
(45:19 / Allies) TWEEKINATOR3: SHIT
(45:20 / All) WhereBeJakeAt.: to be honest
(45:20 / Allies) TWEEKINATOR3: uits gone
(45:21 / All) ItsObamanation: leave please
(45:22 / Allies) TWEEKINATOR3: FUCK
(45:35 / Allies) TWEEKINATOR3: thats all
(45:37 / Allies) TWEEKINATOR3: i had left
(45:38 / All) ItsObamanation: leave pink
(45:47 / Allies) ItsObamanation: i have 3 peons
(45:50 / Allies) ItsObamanation: and 400 gold
(45:53 / Allies) ItsObamanation: find me a safe expo
(45:59 / Allies) TWEEKINATOR3: there
(46:01 / Allies) TWEEKINATOR3: isnt
(46:01 / Allies) TWEEKINATOR3: one
(46:13 / Allies) TWEEKINATOR3: thats prolly
(46:15 / Allies) TWEEKINATOR3: the only one
(46:15 / Allies) TWEEKINATOR3: left
(46:16 / Allies) TWEEKINATOR3: nvm
(46:18 / Allies) TWEEKINATOR3: blue got it
(46:18 / Allies) TWEEKINATOR3: LOL
(46:24 / Allies) WhereBeJakeAt.: I need the gold
(46:26 / Allies) WhereBeJakeAt.: I have 400
(46:31 / Allies) TWEEKINATOR3: yeah
(46:33 / Allies) TWEEKINATOR3: let blue keep it
(46:41 / Allies) ItsObamanation: teal should be with blue
(46:44 / Allies) ItsObamanation: ur hero too red
(46:46 / Allies) ItsObamanation: dumb asses
(46:47 / Allies) swp51: thats all i had left
(46:53 / Allies) ItsObamanation: give me gold
(46:58 / Allies) TWEEKINATOR3: LOL
(47:02 / All) TWEEKINATOR3: he wants gold
(47:04 / Allies) TWEEKINATOR3: for mass grunts
(47:05 / Allies) TWEEKINATOR3: LOL
(47:06 / All) WhereBeJakeAt.: Orange begging for gold
(47:08 / All) Feedback: orange?
(47:11 / All) WhereBeJakeAt.: as if I'd give him mine
(47:12 / All) TWEEKINATOR3: y
(47:14 / All) TWEEKINATOR3: ofc
(47:19 / All) TWEEKINATOR3: the guy that didnt do anything
(47:20 / All) TWEEKINATOR3: all game
(47:22 / All) TWEEKINATOR3: wants gold lol
(47:39 / Allies) swp51: this is getting boring
(47:43 / Allies) WhereBeJakeAt.: not for me
(48:19 / Allies) TWEEKINATOR3: LOLOOL
(48:22 / Allies) TWEEKINATOR3: I LOVE THAT TP
(48:24 / Allies) TWEEKINATOR3: OUTTA NOWHERE
(48:25 / Allies) TWEEKINATOR3: LOL
(48:29 / Allies) WhereBeJakeAt.: on the peasant
(48:32 / Allies) TWEEKINATOR3: LOL
(48:34 / Allies) TWEEKINATOR3: FUNNIEST SHIT
(48:35 / Allies) TWEEKINATOR3: EVER
(48:41 / Allies) WhereBeJakeAt.: didn't mean to click on the peasant
(48:54 / All) Feedback: leabving bye
(49:00 / All) WhereBeJakeAt.: damn
(49:00 / All) BigJake: lawl
(49:01 / All) WhereBeJakeAt.: red
(49:02 / All) WhereBeJakeAt.: it is us
(49:05 / All) WhereBeJakeAt.: sorry to say
(49:08 / All) WhereBeJakeAt.: and now you must lose
(49:09 / All) WhereBeJakeAt.: same drill
(49:11 / Allies) TWEEKINATOR3: :D
(49:13 / Allies) TWEEKINATOR3: i know
(49:14 / Allies) TWEEKINATOR3: bruh
(49:15 / Allies) TWEEKINATOR3: i know
(49:19 / Allies) TWEEKINATOR3: atleast
(49:21 / Allies) TWEEKINATOR3: u gave me
(49:23 / Allies) TWEEKINATOR3: giold this time
(49:23 / Allies) TWEEKINATOR3: LOL
(49:26 / All) WhereBeJakeAt.: lawl
(49:28 / All) BigJake: niggers kept taking the dragons
(49:29 / All) WhereBeJakeAt.: I was the guy on the other team last time
(49:32 / All) BigJake: green couldn't even afford them
(49:34 / Allies) TWEEKINATOR3: ahh
(49:35 / Allies) TWEEKINATOR3: yeah
(49:38 / Allies) TWEEKINATOR3: yellow was the one
(49:38 / All) BigJake: then whined when he had no gold and I wouldn't spend mine LOL
(49:39 / Allies) TWEEKINATOR3: that horded it
(49:41 / Allies) TWEEKINATOR3: then
(49:43 / All) BigJake: he could see I was trying to tkae dragons
(49:44 / All) ItsObamanation: please leave yellow
(49:45 / All) WhereBeJakeAt.: I hoard too, I usually don't share
(49:47 / All) BigJake: Uh no
(49:50 / Allies) TWEEKINATOR3: what was
(49:50 / All) BigJake: why would I leave LOL
(49:51 / All) WhereBeJakeAt.: but you were suspicious of me
(49:51 / All) ItsObamanation: you are good yellow
(49:51 / Allies) TWEEKINATOR3: the difference
(49:53 / Allies) TWEEKINATOR3: this game?
(49:57 / Allies) TWEEKINATOR3: i figured
(49:58 / Allies) TWEEKINATOR3: it was u
(49:59 / All) WhereBeJakeAt.: so I shared some to look more legitimate
(50:02 / Allies) TWEEKINATOR3: u could lie about]
(50:03 / All) BigJake: I have 15k gold and 5k lumber
(50:03 / All) WhereBeJakeAt.: sometimes I share if in a good mood too
(50:08 / Allies) TWEEKINATOR3: when i see the not
(50:09 / Allies) TWEEKINATOR3: really
(50:11 / Allies) TWEEKINATOR3: over 50 food
(50:11 / All) WhereBeJakeAt.: or small amounts if my team is behind
(50:14 / Allies) TWEEKINATOR3: and dub jake names
(50:17 / Allies) TWEEKINATOR3: that gives it away
(50:18 / Allies) TWEEKINATOR3: lol
(50:19 / All) WhereBeJakeAt.: looked like our team was at the disadvantage this game
(50:30 / Allies) WhereBeJakeAt.: we have a third stabber called jake
(50:36 / Allies) TWEEKINATOR3: really
(50:36 / Allies) TWEEKINATOR3: LOL
(50:37 / Allies) WhereBeJakeAt.: he's fat and busy making real money off of diablo 3
(50:42 / Allies) TWEEKINATOR3: he pro?
(50:43 / Allies) WhereBeJakeAt.: and not playing with us right now
(50:53 / Allies) WhereBeJakeAt.: He's a pro gold seller in WoW
(50:57 / Allies) WhereBeJakeAt.: and makes money off of this too
(51:00 / Allies) TWEEKINATOR3: i think
(51:03 / Allies) TWEEKINATOR3: i ran into
(51:05 / Allies) TWEEKINATOR3: that guy b4
(51:05 / Allies) WhereBeJakeAt.: off of diablo 3 I mean
(51:07 / Allies) TWEEKINATOR3: sounds famaliar
(51:08 / Allies) WhereBeJakeAt.: probably
(51:12 / Allies) WhereBeJakeAt.: we've been stabbing for years
(51:17 / Allies) TWEEKINATOR3: its strange
(51:19 / Allies) TWEEKINATOR3: i never came
(51:22 / Allies) TWEEKINATOR3: across u guys tho
(51:24 / Allies) TWEEKINATOR3: until last 2 days
(51:27 / Allies) ItsObamanation: for hero
(51:29 / Allies) TWEEKINATOR3: LOL ORANGE
(51:30 / Allies) TWEEKINATOR3: we lost
(51:33 / Allies) TWEEKINATOR3: im literally here
(51:36 / Allies) TWEEKINATOR3: talking to blue is all
(51:43 / Allies) ItsObamanation: 300 please
(51:45 / Allies) TWEEKINATOR3: h just
(51:46 / Allies) TWEEKINATOR3: uses towers
(51:47 / Allies) WhereBeJakeAt.: We've been stabbing since like
(51:48 / Allies) TWEEKINATOR3: to kill themselves
(51:52 / All) ItsObamanation: blue tking himself
(51:53 / Allies) WhereBeJakeAt.: 2010 at least, the three of us
(51:56 / Allies) TWEEKINATOR3: LOL
(51:56 / Allies) WhereBeJakeAt.: and before that too
(51:57 / All) BigJake: you don't say
(52:05 / Allies) TWEEKINATOR3: yo
(52:07 / Allies) TWEEKINATOR3: btw
(52:09 / Allies) TWEEKINATOR3: if u ever
(52:11 / Allies) TWEEKINATOR3: come across
(52:13 / Allies) TWEEKINATOR3: a dude named
(52:16 / Allies) TWEEKINATOR3: JW-smallpenls
(52:17 / Allies) TWEEKINATOR3: plz
(52:21 / Allies) TWEEKINATOR3: drag that game out
(52:23 / Allies) WhereBeJakeAt.: what'd he do lawl?
(52:23 / Allies) ItsObamanation: blue
(52:24 / Allies) TWEEKINATOR3: and then molest him
(52:25 / Allies) TWEEKINATOR3: LOL
(52:28 / Allies) ItsObamanation: u fuck tard
(52:33 / Allies) WhereBeJakeAt.: orange you are the fucktard
(52:35 / Allies) TWEEKINATOR3: all the time
(52:35 / Allies) ItsObamanation: we tried this whole time to win
(52:38 / Allies) WhereBeJakeAt.: not paying attention to anything I say
(52:40 / Allies) ItsObamanation: u bitch
(52:40 / Allies) TWEEKINATOR3: then he solos me
(52:42 / Allies) ItsObamanation: you bitch nigger
(52:43 / Allies) TWEEKINATOR3: and gets raped
(52:45 / Allies) WhereBeJakeAt.: YOU LOSE THIS IS THE RULE
(52:47 / Allies) TWEEKINATOR3: so he cried and tks me
(52:48 / Allies) ItsObamanation: i hope you die irl you nigger
(52:49 / Allies) TWEEKINATOR3: all the time
(52:49 / Allies) TWEEKINATOR3: LOL
(53:01 / Allies) TWEEKINATOR3: atleast u guys
(53:03 / Allies) TWEEKINATOR3: spread it out
(53:04 / Allies) WhereBeJakeAt.: We have a list of players in our heads we remember
(53:06 / Allies) TWEEKINATOR3: he specifically
(53:07 / Allies) TWEEKINATOR3: does it to me
(53:09 / Allies) ItsObamanation: 1 hero noobs
(53:09 / Allies) WhereBeJakeAt.: and always drag it out with or make special note of
(53:12 / Allies) WhereBeJakeAt.: lol
(53:12 / Allies) ItsObamanation: fucking posers
(53:15 / Allies) WhereBeJakeAt.: this is 4v4 not solo
(53:21 / Allies) WhereBeJakeAt.: multiple heroes isn't always as effective
(53:22 / Allies) ItsObamanation: fuck you poser
(53:24 / Allies) TWEEKINATOR3: im assuming
(53:26 / Allies) ItsObamanation: 1 hero bitch poser
(53:27 / Allies) TWEEKINATOR3: im on the list
(53:28 / Allies) TWEEKINATOR3: of this?
(53:37 / Allies) WhereBeJakeAt.: You were funny last game lol
(53:40 / Allies) TWEEKINATOR3: LOL
(53:40 / Allies) WhereBeJakeAt.: so yeah
(53:43 / Allies) TWEEKINATOR3: well last game
(53:44 / Allies) WhereBeJakeAt.: we pointed you out at the start of this game
(53:45 / Allies) TWEEKINATOR3: i was in a bad
(53:46 / Allies) TWEEKINATOR3: moon
(53:53 / Allies) TWEEKINATOR3: mood*
(54:03 / Allies) TWEEKINATOR3: this game not so much
(54:07 / Allies) TWEEKINATOR3: until orange decided
(54:09 / Allies) TWEEKINATOR3: not to listen
(54:11 / Allies) TWEEKINATOR3: to anybod
(54:11 / Allies) TWEEKINATOR3: y
(54:14 / Allies) WhereBeJakeAt.: to be honest
(54:22 / Allies) WhereBeJakeAt.: I usually do the same stuff every stab regardless of what my allies do
(54:25 / All) BigJake: the wages of slackerdom is death
(54:26 / Allies) WhereBeJakeAt.: so sometimes I space out
(54:30 / Allies) WhereBeJakeAt.: and don't even notice wtf they are doing
(54:33 / Allies) WhereBeJakeAt.: orange was one of those times
(54:35 / Allies) TWEEKINATOR3: LOL
(54:37 / Allies) WhereBeJakeAt.: only looked at your shit all game
(54:39 / Allies) TWEEKINATOR3: yeah he just
(54:41 / Allies) TWEEKINATOR3: kinda
(54:44 / Allies) TWEEKINATOR3: made raiders
(54:46 / Allies) TWEEKINATOR3: vs mass air
(54:47 / Allies) WhereBeJakeAt.: I could've not had the other two guys on our team
(54:49 / Allies) TWEEKINATOR3: like who the fuck
(54:50 / Allies) WhereBeJakeAt.: and I never would've noticed
(54:50 / Allies) TWEEKINATOR3: does that?
(54:56 / Allies) WhereBeJakeAt.: lol
(55:03 / Allies) TWEEKINATOR3: anyways
(55:05 / Allies) WhereBeJakeAt.: I once tried getting some raiders and shit vs a small amount of air
(55:08 / Allies) TWEEKINATOR3: ggs assholes
(55:13 / Allies) TWEEKINATOR3: lol
(55:14 / Allies) WhereBeJakeAt.: and I ensnared them to kill the gryphons
(55:19 / Allies) WhereBeJakeAt.: they take like 10 mins to kill a few units
(55:21 / Allies) WhereBeJakeAt.: with ensnare
(55:24 / Allies) WhereBeJakeAt.: it's bullshit
(55:25 / Allies) TWEEKINATOR3: yea
(55:26 / Allies) TWEEKINATOR3: LOL
(55:28 / All) TWEEKINATOR3: it is
(55:31 / Allies) TWEEKINATOR3: anyways
(55:32 / Allies) TWEEKINATOR3: ggs
(55:36 / All) WhereBeJakeAt.: Lawl
(55:37 / All) WhereBeJakeAt.: he said ggs
(55:40 / All) WhereBeJakeAt.: after talking for a bit
(55:42 / All) WhereBeJakeAt.: my team lose?
(56:14 / All) WhereBeJakeAt.: who loses?
(56:39 / All) WhereBeJakeAt.: You there?
(57:00 / All) WhereBeJakeAt.: BOBBY
(57:03 / All) BigJake: yo
(57:05 / All) WhereBeJakeAt.: WHO LOSE
(57:11 / All) BigJake: hmm let me havea think
(57:15 / All) BigJake: I'd say my team
(57:17 / All) WhereBeJakeAt.: k
(57:20 / All) BigJake: was there an asshole on yours
(57:28 / All) WhereBeJakeAt.: Orange was an idiot but that's it
(57:35 / All) BigJake: I say my team
(57:35 / All) WhereBeJakeAt.: well we had red from last game but he didn't get pissed at me